Map: Crête de Lerilak

Players

zidar

  • Race: Zerg Zerg
  • League: Silver
  • Spawn Location: 7:00

Endi - Winner!

  • Race: Protoss Protoss
  • League: Silver
  • Spawn Location: 11:00

VOD

Have the link to the VOD?

Description

Time

  • Played on: Jan. 24, 2016, 9:37 a.m.
  • Length: 18:39
Show
View Real Time Build Order
Export as new Build Order

zidar Zerg 

Build Orders: Hatch First 

Get SALT Encoding   

  12  0:02  Drone  
  13  0:12  Overlord  
  13  0:17  Drone  
  14  0:30  Drone x2  
  16  0:45  Drone  
  17  1:07  Hatchery  
  17  1:08  Spawning Pool  
  15  1:13  Drone  
  16  1:24  Drone x2  
  18  1:28  Extractor  
  18  1:29  Overlord  
  17  1:36  Drone  
  18  1:57  Queen  
  20  2:10  Roach Warren, Extractor  
  20  2:11  Drone x3  
  21  2:24  Queen  
  23  2:43  Drone x4  
  27  2:56  Drone x3  
  30  3:30  Hatchery  
  30  3:33  Overlord  
  30  3:34  Overlord  
  29  3:36  Drone x3  
  32  3:44  Lair  
  32  3:54  Queen  
  34  4:05  Extractor  
  34  4:07  Extractor  
  32  4:12  Spore Crawler  
  31  4:17  Spore Crawler  
  31  4:22  Roach x4  
  38  4:27  Overlord  
  38  4:56  Drone x4  
  38  4:57  Drone x4  
  46  5:03  Pneumatized Carapace  
  46  5:14  Hydralisk Den  
  45  5:25  Evolution Chamber  
  44  5:29  Overseer, Evolution Chamber  
  43  5:52  Hydralisk x4  
  51  6:27  Hydralisk  
  51  6:28  Hydralisk x2  
  57  6:42  Drone  
  57  6:44  Overlord  
  57  6:45  Overlord  
  58  6:49  Muscular Augments  
  58  7:09  Hydralisk x5  
  58  7:14  Overlord  
  68  7:20  Drone x2  
  70  7:23  Drone  
  71  7:32  Zerg Missile Weapons Level 1  
  71  7:43  Drone x3  
  71  7:44  Drone x2  
  76  7:56  Hydralisk  
  76  7:57  Hydralisk  
  80  7:58  Hydralisk  
  80  8:03  Overlord  
  82  8:21  Hydralisk  
  82  8:22  Hydralisk x3  
  90  8:27  Overlord x2  
  90  9:06  Hydralisk  
  90  9:07  Hydralisk x7  
  106  9:14  Overlord x2  
  106  9:15  Overlord  
  106  9:36  Zerg Missile Weapons Level 2  
  106  9:37  Spire  
  105  9:48  Drone x8  
  113  9:52  Overlord  
  113  9:53  Overlord  
  113  9:57  Hydralisk x2  
  113  9:58  Hydralisk  
  119  10:01  Hydralisk  
  121  10:07  Overlord  
  121  10:13  Zerg Ground Armor Level 1  
  121  10:38  Hydralisk  
  121  10:39  Hydralisk x8  
  139  11:01  Corruptor x2  
  139  11:02  Corruptor  
  145  11:07  Hatchery  
  145  11:08  Corruptor  
  146  11:17  Zerg Flyer Weapons Level 1  
  146  11:34  Hydralisk  
  146  11:36  Corruptor x2  
  146  11:37  Corruptor  
  154  11:53  Infestation Pit  
  153  11:59  Overlord  
  153  12:00  Overlord x2  
  153  12:02  Overseer  
  153  12:36  Corruptor x3  
  157  12:37  Corruptor x2  
  157  12:38  Corruptor x4  
  157  12:39  Corruptor  
  173  12:47  Hydralisk x2  
  177  12:54  Zerg Ground Armor Level 2  
  177  13:02  Hive  
  165  13:52  Corruptor  
  165  13:53  Corruptor x3  
  147  13:56  Corruptor  
  77  14:41  Extractor  
  77  14:44  Extractor  
  75  14:46  Zergling x4  
  75  14:47  Zergling x2  
  75  14:49  Zergling x8  
  75  14:50  Zergling x2  
  83  15:23  Extractor  
  83  15:24  Extractor  
  74  15:38  Corruptor x3  
  74  15:39  Corruptor x3  
  74  15:40  Corruptor x2  
  89  15:55  Corruptor x2  
  93  16:17  Corruptor x2  
  97  16:20  Overseer  
  97  16:48  Hatchery  
  96  16:56  Corruptor x4  
  96  17:00  Corruptor  
  96  17:01  Corruptor x2  
  107  17:27  Corruptor x3  
  109  17:53  Corruptor  
  109  17:54  Corruptor  
Show
View Real Time Build Order
Export as new Build Order

Endi Protoss - Winner!

Build Orders: 1 Gate Expand 

Get SALT Encoding   

  12  0:01  Probe (Chrono Boost)  
  13  0:12  Probe (Chrono Boost)  
  14  0:18  Pylon  
  14  0:23  Probe (Chrono Boost)  
  15  0:36  Probe (Chrono Boost)  
  15  0:39  Gateway  
  16  0:47  Probe (Chrono Boost)  
  17  0:57  Probe (Chrono Boost)  
  18  1:08  Probe (Chrono Boost)  
  19  1:12  Pylon  
  19  1:18  Probe (Chrono Boost)  
  20  1:29  Probe (Chrono Boost)  
  21  1:38  Nexus  
  21  1:40  Assimilator  
  21  1:43  Probe (Chrono Boost)  
  21  1:44  Assimilator  
  23  1:54  Assimilator, Probe (Chrono Boost)  
  23  1:58  Assimilator  
  23  2:04  Probe (Chrono Boost)  
  24  2:12  Cybernetics Core  
  24  2:15  Probe (Chrono Boost)  
  25  2:25  Probe (Chrono Boost)  
  26  2:36  Probe (Chrono Boost)  
  27  2:47  Probe (Chrono Boost)  
  27  2:49  Probe (Chrono Boost)  
  29  2:53  Stalker  
  29  2:58  Mothership Core (Chrono Boost)  
  33  3:00  Probe (Chrono Boost)  
  34  3:05  Pylon  
  34  3:10  Probe (Chrono Boost)  
  35  3:16  Probe (Chrono Boost)  
  36  3:21  Probe (Chrono Boost)  
  36  3:26  Probe (Chrono Boost)  
  38  3:28  Pylon  
  38  3:32  Probe (Chrono Boost), Pylon  
  39  3:36  Pylon  
  39  3:37  Probe (Chrono Boost)  
  40  3:42  Probe (Chrono Boost)  
  40  3:48  Probe (Chrono Boost)  
  42  3:52  Pylon  
  42  3:53  Probe (Chrono Boost)  
  43  3:58  Probe (Chrono Boost), Pylon  
  43  3:59  Pylon  
  43  4:02  Pylon  
  44  4:03  Probe (Chrono Boost)  
  44  4:09  Probe (Chrono Boost)  
  46  4:14  Probe (Chrono Boost)  
  47  4:19  Probe (Chrono Boost)  
  48  4:24  Probe (Chrono Boost)  
  48  4:30  Probe (Chrono Boost)  
  50  4:34  Stargate  
  50  4:35  Probe (Chrono Boost)  
  51  4:39  Stargate  
  51  4:40  Probe (Chrono Boost)  
  51  4:42  Stargate  
  53  4:45  Probe (Chrono Boost)  
  53  4:46  Stargate  
  53  4:51  Probe (Chrono Boost)  
  54  4:56  Probe (Chrono Boost)  
  55  5:01  Nexus, Probe (Chrono Boost)  
  55  5:05  Assimilator  
  55  5:06  Probe (Chrono Boost)  
  57  5:09  Assimilator  
  57  5:12  Probe (Chrono Boost)  
  58  5:17  Probe (Chrono Boost)  
  59  5:22  Probe (Chrono Boost)  
  59  5:23  Fleet Beacon  
  59  5:27  Probe (Chrono Boost)  
  61  5:33  Probe (Chrono Boost)  
  62  5:36  Protoss Air Weapons Level 1 (Chrono Boost)  
  62  5:38  Probe (Chrono Boost), Cybernetics Core  
  62  5:41  Pylon  
  63  5:43  Probe (Chrono Boost)  
  63  5:45  Stargate  
  63  5:47  Stargate  
  63  5:49  Probe (Chrono Boost)  
  65  5:54  Probe (Chrono Boost)  
  66  5:59  Probe (Chrono Boost)  
  67  6:05  Probe (Chrono Boost)  
  67  6:08  Tempest  
  67  6:10  Probe (Chrono Boost)  
  73  6:14  Tempest  
  73  6:15  Probe (Chrono Boost)  
  78  6:20  Probe (Chrono Boost)  
  78  6:24  Tempest  
  83  6:26  Probe (Chrono Boost)  
  83  6:27  Tempest  
  83  6:31  Probe (Chrono Boost)  
  89  6:38  Tempest  
  93  6:44  Tempest  
  97  7:00  Nexus  
  97  7:05  Assimilator  
  97  7:09  Assimilator  
  97  7:10  Tempest x2  
  105  7:25  Tempest  
  109  7:33  Protoss Air Weapons Level 2 (Chrono Boost)  
  109  7:43  Protoss Air Armor Level 1 (Chrono Boost)  
  109  7:52  Pylon x2  
  109  7:53  Pylon  
  109  7:54  Pylon  
  109  7:56  Pylon  
  109  8:08  Tempest x2  
  117  8:29  Tempest  
  117  8:30  Tempest  
  125  8:38  Probe  
  126  8:48  Tempest  
  130  8:49  Probe  
  131  8:56  Tempest  
  131  8:59  Probe  
  136  9:10  Tempest, Probe  
  141  9:17  Tempest  
  141  9:20  Probe  
  146  9:32  Protoss Air Armor Level 2 (Chrono Boost)  
  146  9:42  Protoss Air Weapons Level 3 (Chrono Boost)  
  146  9:50  Nexus  
  146  9:53  Assimilator  
  146  9:57  Assimilator  
  146  10:00  Tempest x2  
  154  10:10  Pylon  
  154  10:11  Pylon  
  154  10:12  Pylon  
  154  10:13  Pylon  
  154  10:23  Tempest x2  
  154  10:26  Tempest  
  166  10:35  Tempest  
  170  11:26  Tempest x2  
  170  11:27  Tempest x3  
  170  11:30  Tempest  
  194  11:48  Protoss Air Armor Level 3 (Chrono Boost)  
  194  12:36  Tempest x2  
  200  12:57  Nexus  
  200  13:00  Assimilator  
  200  13:05  Assimilator  
  200  13:19  Forge  
  150  14:08  Tempest  
  150  14:09  Tempest x5  
  161  14:28  Probe  
  162  14:51  Tempest  
  162  14:52  Tempest x5  
  186  15:17  Protoss Shields Level 1 (Chrono Boost)  
  186  15:34  Tempest x3  
  198  15:47  Probe  
  198  16:08  Probe  
  199  16:18  Probe  
  200  16:34  Nexus  
  200  16:39  Assimilator  
  200  16:44  Assimilator  
Tags
 
Add a new tag
Caveats
  • Supply blocks, unpowered buildings, or Contaminate may cause inaccurate times.
  • Supply counts are checked every 10 seconds.